 Dungeon Crawl Stone Soup version 0.16-a0-2676-gfc1a37c (webtiles) character file.

1985 Sixotanaka the Martial Artist (level 9, -12/63 HPs)
             Began as a Demonspawn Monk on Nov 24, 2014.
             Was an Elder of Makhleb.
             Mangled by an orc warrior
             ... wielding a +0 long sword
              (19 damage)
             ... on level 7 of the Dungeon.
             The game lasted 00:21:07 (8412 turns).

Sixotanaka the Martial Artist (Demonspawn Monk)     Turns: 8412, Time: 00:21:07

Health: -12/63     AC:  6    Str: 14    XL:     9   Next: 1%
Magic:  16/16      EV: 14    Int: 14    God:    Makhleb [****..]
Gold:   357        SH:  0    Dex: 17    Spells: 0 memorised, 8 levels left

rFire  . . .     SeeInvis .       - Unarmed
rCold  . . .     Clarity  .     i - +0 leather armour
rNeg   . . .     SustAb   .     (no shield)
rPois  .         Gourm    .     p - +0 helmet {Int+3}
rElec  .         Spirit   .     (no cloak)
rCorr  .         Warding  .     t - +0 pair of gloves (curse)
rMut   .         Stasis   .     (no boots)
MR     .....                    (no amulet)
Stlth  +++.......               s - ring of invisibility
                                l - +1 ring of protection

@: weakened, not resistant to hostile enchantments, fairly stealthy
A: talons 2, repulsion field 1, nightstalker 1
a: Minor Destruction, Lesser Servant of Makhleb, Major Destruction, Renounce
Religion, Evoke Invisibility


You were on level 7 of the Dungeon.
You worshipped Makhleb.
Makhleb was greatly pleased with you.
You were near starving.

You visited 1 branch of the dungeon, and saw 7 of its levels.
You also visited: Sewer.

You collected 357 gold pieces.


Innate Abilities, Weirdness & Mutations

You have razor-sharp toenails.
You are surrounded by a mild repulsion field (EV +2).
You are slightly more attuned to the shadows.


   Skills:
 - Level 3.0 Fighting
 - Level 2.6 Dodging
 - Level 1.7 Stealth
 * Level 10.7 Unarmed Combat
 + Level 4.8 Invocations


You had 8 spell levels left.
You didn't know any spells.

Dungeon Overview and Level Annotations

Branches:
Dungeon (7/15)             Temple (0/1) D:7

Altars:
Dithmenos
Fedhas
Gozag
Makhleb
Ru
Sif Muna
The Shining One

Annotations:
D:5 Crazy Yiuf

Inventory:

Hand weapons
 B - a +0 blowgun
Missiles
 n - 206 stones (quivered)
 C - 9 poisoned needles
Armour
 i - a +0 leather armour (worn)
 p - a +0 helmet of intelligence (worn)
   (You found it on level 2 of the Dungeon)
 t - a cursed +0 pair of gloves (worn)
Jewellery
 l - a +1 ring of protection (left hand)
 s - a ring of invisibility (right hand)
 y - an uncursed ring of positive energy {unknown}
Magical devices
 f - a wand of polymorph (17)
 A - a wand of paralysis (9)
Scrolls
 a - 2 scrolls of identify {@r1}
 c - 2 scrolls of fog
 e - a scroll of fear {unknown}
 h - a scroll of acquirement {unknown}
 j - a scroll of recharging
 m - 3 scrolls of noise {unknown}
 r - a scroll of random uselessness {unknown}
 z - a scroll of remove curse {unknown}
 F - a scroll of enchant weapon {unknown}
 G - a scroll of blinking {unknown}
Potions
 d - 2 potions of curing {@q1}
 g - 2 potions of brilliance
 k - 4 potions of flight
 o - a potion of resistance
 u - a potion of poison {unknown}
 v - a potion of degeneration {unknown}
 w - 5 potions of heal wounds {unknown}
 x - a potion of restore abilities {unknown}
 D - 2 potions of agility {unknown}
 E - 3 potions of might
Comestibles
 b - 4 bread rations
 q - 5 meat rations

#>#.'..<.# ##...#### #.#
#+#.#....###.......# #.#
....#...........##.# #.#
#+###....###.#.###.####.#
..##.....# #o#..........#
.###....## #4#.###<######
#...##### #.#.# #.# #####
#.#.###.# #...4@o†#
###.##### #.# ####
###.###...##.#
#.............
#.#.###...##..
#####....######
.......[..# ######...##


You could see an orange demon and an orc warrior.


Message History

* * * LOW HITPOINT WARNING * * *
You are lethally poisoned!
The orange demon poisons you!
You feel your attacks grow feeble. The orange demon closely misses you.
Drink which item? (? for menu, Esc to quit)
You feel better. The orange demon stings you.
* * * LOW HITPOINT WARNING * * *
You are poisoned.
The orange demon poisons you!
You feel as though you will be weak longer.
The orange demon hits you.
* * * LOW HITPOINT WARNING * * *
The orc warrior barely misses you.
Read which item? (? for menu, Esc to quit)
Identify which item? (\ to view known items) (? for menu, Esc to quit)
As you read the scroll of identify {@r1}, it crumbles to dust.
c - 2 scrolls of fog You feel sick.
The orange demon stings you but does no damage.
The orange demon hits you.
* * * LOW HITPOINT WARNING * * *
The orc warrior hits you with a long sword!
* * * LOW HITPOINT WARNING * * *
Drink which item? (? for menu, Esc to quit)
You feel better. The orange demon closely misses you.
The orange demon hits you.
* * * LOW HITPOINT WARNING * * *
The orc warrior misses you.
Drink which item? (? for menu, Esc to quit)
You feel better.
The orange demon stings you but does no damage.
The orange demon misses you.
Unknown command.
Drink which item? (? for menu, Esc to quit)
You feel better.
The orc warrior hits you with a long sword!
* * * LOW HITPOINT WARNING * * *
The orange demon stings you but does no damage.
The orange demon barely misses you.
Use which ability? (? or * to list)
Press: ? - help, Shift-Dir - straight line, f - orc
Aim: an orc You fail to use your ability.
The orc warrior closely misses you. The orange demon misses you.
The orange demon closely misses you.
Use which ability? (? or * to list)
Press: ? - help, Shift-Dir - straight line, f/p - orc
Aim: an orc You hear a mighty clap of thunder!
The bolt of lightning misses the orc warrior.
The bolt of lightning hits the orc.
You kill the orc!
Makhleb accepts your kill.
You feel a little better.
The bolt of lightning hits the orc warrior.
The orc warrior appears unharmed.
The orc warrior is moderately wounded.
The bolt of lightning misses you.
You feel somewhat more hungry.
You hear a shout!
The orange demon stings you.
* * * LOW HITPOINT WARNING * * *
The orange demon misses you.
The orc warrior hits you with a long sword!
* * * LOW HITPOINT WARNING * * *
Drink which item? (? for menu, Esc to quit)
You feel better. The orange demon stings you.
* * * LOW HITPOINT WARNING * * *
The orange demon hits you but does no damage.
The orc warrior hits you with a long sword!!
You die...

Action                   |  1- 3 |  4- 6 |  7- 9 || total
-------------------------+-------+-------+-------++-------
Melee: Unarmed           |   123 |   298 |   363 ||   784
 Fire: Blowgun           |       |       |     4 ||     4
Throw: Stone             |    27 |       |     8 ||    35
Invok: Minor Destruction |       |       |     6 ||     6
       Lesser Servant of |       |       |     3 ||     3
       Major Destruction |       |       |     2 ||     2
  Use: Potion            |     1 |     1 |     7 ||     9
       Scroll            |       |       |     7 ||     7
 Stab: Sleeping          |     2 |     3 |    13 ||    18
       Distracted        |       |     2 |     1 ||     3
  Eat: Chunk             |     3 |     7 |     5 ||    15
       Beef jerky        |       |     1 |       ||     1
       Meat ration       |       |       |     1 ||     1
       Pizza             |       |       |     1 ||     1

Vault maps used:
D:1:      minmay_arrival_solitary_statue, hex_large, minmay_ruptured
D:2:      grunt_gozag_statues, nicolae_overflow_hidden_temple
D:3:      lightli_temple_of_fire, first_bread, fedhas_altar_2
D:4:      lemuel_blue_sif_altar
D:5:      basic_altar, hangedman_abyss_or_decor_passed,
          minmay_misc_feat_enclosed, uniq_crazy_yiuf_cottage, uniq_pikel
D:6:      old_standard_altar, lemuel_crystal_altar, gup_sewer_entry_bowl,
          minivault_1, kennysheep_generic_room_13
D:7:      minmay_temple_entry_glassed_door, uniq_joseph, uniq_prince_ribbit1,
          uniq_blork_the_orc
Sewer:    sewer_minmay_treatment

Notes
Turn   | Place    | Note
--------------------------------------------------------------
     0 | D:1      | Sixotanaka, the Demonspawn Monk, began the quest for the Orb.
     0 | D:1      | Reached XP level 1. HP: 18/18 MP: 1/1
    87 | D:1      | Fiveotanaka: i think we play way too fast, and dave seems to have the right answers most of the time
    95 | D:1      | Sixotanaka: mm
   339 | D:1      | Reached skill level 4 in Unarmed Combat
   344 | D:1      | Gained mutation: You have sharp toenails. [demonic ancestry]
   344 | D:1      | Reached XP level 2. HP: 22/24 MP: 2/2
   390 | D:1      | HP: 6/24 [poisoned by a giant mite]
   857 | D:2      | Found an opulent altar of Gozag.
   938 | D:2      | Reached XP level 3. HP: 18/29 MP: 3/3
  1055 | D:2      | Found a glowing golden altar of the Shining One.
  1637 | D:3      | Found a blossoming altar of Fedhas.
  1656 | D:3      | Reached skill level 5 in Unarmed Combat
  1957 | D:3      | Gained mutation: You are slightly more attuned to the shadows. [demonic ancestry]
  1957 | D:3      | Reached XP level 4. HP: 33/35 MP: 4/4
  2301 | D:3      | Reached XP level 5. HP: 21/41 MP: 5/5
  2524 | D:3      | Reached skill level 6 in Unarmed Combat
  2958 | D:3      | Found a burning altar of Makhleb.
  2963 | D:3      | Became a worshipper of Makhleb the Destroyer
  2963 | D:3      | Acquired Makhleb's first power
  2963 | D:3      | Acquired Makhleb's second power
  3149 | D:4      | HP: 10/41 [poisoned by a worker ant]
  3307 | D:4      | Reached XP level 6. HP: 35/47 MP: 6/6
  3403 | D:4      | Noticed an ogre
  3643 | D:4      | Reached skill level 7 in Unarmed Combat
  4265 | D:4      | Found a deep blue altar of Sif Muna.
  4363 | D:4      | Acquired Makhleb's third power
  4428 | D:4      | Killed an ogre
  4428 | D:4      | Reached skill level 8 in Unarmed Combat
  4428 | D:4      | Gained mutation: You are surrounded by a mild repulsion field (EV +2). [demonic ancestry]
  4428 | D:4      | Reached XP level 7. HP: 40/52 MP: 7/7
  4639 | D:5      | Entered Level 5 of the Dungeon
  4676 | D:4      | HP: 13/52 [slave[Pikel] (9)]
  4943 | D:5      | Noticed Pikel
  5190 | D:5      | Found a glowing golden altar of the Shining One.
  5260 | D:4      | HP: 12/52 [Pikel/whip of freezing (4)]
  5376 | D:4      | HP: 13/52 [Pikel/whip of freezing (8)]
  5382 | D:4      | HP: 7/52 [slave[Pikel] (3)]
  5439 | D:4      | Killed Pikel
  5439 | D:4      | Reached skill level 9 in Unarmed Combat
  5439 | D:4      | Gained mutation: You have razor-sharp toenails. [demonic ancestry]
  5439 | D:4      | Reached XP level 8. HP: 25/58 MP: 8/8
  6040 | D:5      | Noticed Crazy Yiuf
  6108 | D:6      | Reached skill level 1 in Invocations
  6354 | D:6      | Acquired Makhleb's fourth power
  6490 | D:6      | Reached skill level 2 in Invocations
  6506 | D:6      | Found a glowing drain.
  6510 | Sewer    | Entered a sewer
  6822 | Sewer    | Reached skill level 10 in Unarmed Combat
  7071 | Sewer    | Acquired Makhleb's fifth power
  7367 | D:6      | Reached skill level 3 in Invocations
  7511 | D:6      | Found a shadowy altar of Dithmenos.
  7529 | D:6      | Reached skill level 4 in Invocations
  7572 | D:6      | Found a sacrificial altar of Ru.
  7898 | D:7      | Found a staircase to the Ecumenical Temple.
  8082 | D:7      | Reached XP level 9. HP: 17/63 MP: 14/16
  8401 | D:7      | Noticed an orange demon
  8406 | D:7      | HP: 8/63 [orc warrior/long sword (10)]
  8411 | D:7      | HP: 15/63 [orange demon[the player character] (1)]
  8411 | D:7      | HP: 1/63 [orc warrior/long sword (14)]
  8412 | D:7      | Mangled by an orc warrior

Vanquished Creatures
  Pikel (D:4)
  A water moccasin (D:7)
  2 slaves (D:4)
  An ogre (D:4)
  2 centaurs (D:6)
  2 giant frogs
  A scorpion (D:4)
  4 wights (D:6)
  A goliath beetle (D:6)
  A hound (D:4)
  2 iguanas
  A centaur skeleton (D:4)
  An orc priest (D:3)
  5 orc wizards
  5 worker ants
  A hound zombie (D:6)
  10 adders
  2 giant mites
  6 river rats (Sewer)
  4 worms
  5 giant geckos
  An ooze (Sewer)
  24 orcs
  2 bat zombies
  10 goblins
  8 hobgoblins
  24 kobolds
  5 quokkas
  3 ball pythons (Sewer)
  14 bats
  5 giant cockroaches
  A giant gecko zombie (D:6)
  4 giant newts
  2 jackals (D:3)
  2 jackal skeletons
  A jackal zombie (D:7)
  32 rats
  2 ballistomycetes (D:7)
  A fungus (D:5)
199 creatures vanquished.

Vanquished Creatures (collateral kills)
  A goliath beetle (D:7)
1 creature vanquished.

Vanquished Creatures (others)
  A crimson imp (D:7)
  A giant spore (D:7)
2 creatures vanquished.

Grand Total: 202 creatures vanquished
